 Dungeon Crawl Stone Soup version 0.29.1-4-g47bece8355 (webtiles) character file.

Game seed: 2074562673657700345

59437 fishmans the Bludgeoner (level 14, -4/74 HPs)
             Began as a Gargoyle Fighter on Dec 9, 2022.
             Was an Initiate of Gozag.
             Slain by a spriggan rider
             ... wielding a +0 spear
             ... led by a spriggan druid
              (7 damage)
             ... on level 2 of the Lair of Beasts on Dec 11, 2022.
             The game lasted 01:50:27 (30591 turns).

fishmans the Bludgeoner (Gargoyle Fighter)         Turns: 30591, Time: 01:50:27

Health: -4/74      AC: 25    Str: 24    XL:     14   Next: 95%
Magic:  0/14       EV:  9    Int: 10    God:    Gozag
Gold:   101        SH:  6    Dex:  9    Spells: 13/13 levels left

rFire   . . .      SeeInvis .   J - +1 demon whip (venom)
rCold   . . .      Faith    .   c - +0 buckler
rNeg    + . .      Spirit   +   a - +0 plate armour
rPois   ∞          Reflect  .   I - +1 helmet
rElec   +          Harm     .   (no cloak)
rCorr   .          Rampage  .   F - +2 pair of gloves
Will    +....                   C - +0 pair of boots
Stlth   ..........              g - amulet of guardian spirit
HPRegen 0.22/turn               q - +4 ring of slaying
MPRegen 0.14/turn               (no ring)

@: corroded, gold aura, flying
A: sickness immunity, AC +10, big wings, negative energy resistance 1,
electricity resistance, torment resistance 1, petrification resistance
a: Renounce Religion, Potion Petition, Call Merchant, Bribe Branch


You were on level 2 of the Lair of Beasts.
You worshipped Gozag.
Gozag was aware of your devotion.
You visited 5 branches of the dungeon, and saw 21 of its levels.

You collected 5497 gold pieces.
You spent 112 gold pieces at shops.
You paid 5284 gold pieces to Gozag.

Inventory:

Hand Weapons
 J - a +1 demon whip of venom (weapon)
 L - a +0 morningstar
 T - a +0 triple crossbow
 U - a +3 great mace
Missiles
 l - 7 poisoned darts (quivered)
 s - 8 atropa-tipped darts
Armour
 a - a +0 plate armour (worn)
 c - a +0 buckler (worn)
 C - a +0 pair of boots (worn)
 F - a +2 pair of gloves (worn)
 I - a +1 helmet (worn)
Jewellery
 f - a ring of wizardry
 g - an amulet of guardian spirit (around neck)
 h - a ring of positive energy
 q - a +4 ring of slaying (left hand)
 E - the ring "Atogar" {rCorr Str-4 Int+4 SInv}
   (You found it on level 6 of the Dungeon)

   [ring of see invisible]

   Str:       It affects your strength (-4).
   Int:       It affects your intelligence (+4).
   SInv:      It lets you see invisible.
   rCorr:     It protects you from acid and corrosion.
 M - a +4 ring of protection
 N - a +6 ring of intelligence
 Q - a +4 ring of evasion
Wands
 p - a wand of roots (17)
 w - a wand of charming (6)
 G - a wand of mindburst (21)
 P - a wand of digging (9)
Scrolls
 b - 2 scrolls of fear
 i - 3 scrolls of silence
 m - 2 scrolls of teleportation
 n - 2 scrolls of poison
 o - a scroll of vulnerability
 r - 4 scrolls of fog
 x - a scroll of torment {unknown}
 y - 2 scrolls of brand weapon
 B - a scroll of summoning {unknown}
 D - a scroll of enchant armour {unknown}
 H - a scroll of identify
 O - 4 scrolls of amnesia
Potions
 d - 2 potions of brilliance
 e - 3 potions of lignification
 j - 3 potions of attraction
 k - 3 potions of mutation
 t - 4 potions of might
 u - 6 potions of flight
 v - a potion of curing
 z - 4 potions of degeneration
 A - 2 potions of resistance {unknown}
 K - a potion of cancellation {unknown}
 R - a potion of magic {unknown}
 S - a potion of haste {unknown}


   Skills:
 - Level 3.2 Fighting
 - Level 19.0 Maces & Flails
 * Level 5.7 Ranged Weapons
 + Level 11.9 Armour
 + Level 8.7 Dodging
 - Level 9.2 Shields


You had 13 spell levels left.
You didn't know any spells.
Your spell library contained the following spells:

 Spells                   Type           Power      Damage    Failure   Level
 Foxfire                  Conj/Fire      0%         2x1d4     99%         1
 Sting                    Tmut/Pois      0%         1d3       99%         1
 Summon Small Mammal      Summ           0%         N/A       99%         1
 Ensorcelled Hibernation  Hex/Ice        0%         N/A       100%        2
 Passwall                 Tmut/Erth      0%         N/A       100%        2
 Poisonous Vapours        Pois/Air       0%         N/A       100%        2
 Static Discharge         Conj/Air       0%         3-3/arc   100%        2
 Call Canine Familiar     Summ           0%         N/A       100%        3
 Conjure Flame            Conj/Fire      0%         6-21      100%        3
 Inner Flame              Hex/Fire       0%         N/A       100%        3
 Ozocubu's Armour         Ice            0%         N/A       100%        3
 Portal Projectile        Hex/Tloc       0%         N/A       100%        3
 Summon Guardian Golem    Hex/Summ       0%         N/A       100%        3
 Swiftness                Air            0%         N/A       100%        3
 Tukima's Dance           Hex            0%         N/A       100%        3
 Dispel Undead            Necr           0%         3d6       100%        4
 Flame Wave               Conj/Fire      0%         2d4       100%        4
 Leda's Liquefaction      Hex/Erth       0%         N/A       100%        4
 Olgreb's Toxic Radiance  Pois           0%         N/A       100%        4
 Petrify                  Tmut/Erth      0%         N/A       100%        4
 Sticky Flame             Conj/Fire      0%         2d3       100%        4
 Blade Hands              Tmut           0%         N/A       100%        5
 Irradiate                Conj/Tmut      0%         3d11      100%        5
 Dispersal                Tloc           0%         N/A       100%        6
 Ozocubu's Refrigeration  Ice            0%         4d7       100%        7
 Disjunction              Tloc           0%         N/A       100%        8
 Sublimation of Blood     Necr           Unusable   N/A       N/A         2

Dungeon Overview and Level Annotations

Branches:
Dungeon (13/15)            Temple (1/1) D:6            Lair (4/5) D:11
  Swamp (1/4) Lair:2       Spider (0/4) Lair:3        Slime (0/5) Lair:4
    Orc (2/2) D:12            Elf (0/3) Orc:2
 Vaults: D:13-14

Altars:
Ashenzari
Cheibriados
Dithmenos
Elyvilon
Fedhas
Gozag
Hepliaklqana
Kikubaaqudgha
Makhleb
Nemelex Xobeh
Okawaru
Qazlal
Ru
Sif Muna
Trog
Uskayaw
Vehumet
Wu Jian
Xom
Yredelemnul
Zin
The Shining One
Jiyva

Shops:
D:1 (   D:3 !   D:4 *   D:7 *   Orc:2 [=(*

Annotations:
D:3 3 runed translucent doors, Anandil's ghost, amateur MiSu; Ascent's ghost, amateur GnWn; ZoeForever1's ghost, amateur GnWr; lotum's ghost, amateur DsWr
D:9 3 runed translucent doors, turdburglar's ghost, journeyman DsGl
D:10 4 runed translucent doors, retardedninja's ghost, novice HOFi
D:13 Frances
Lair:1 2 transporters, exclusion: oklob plant, coldfrog's ghost, journeyman DrFE
Orc:2 1 runed translucent door, Hiippo's ghost, journeyman HOFi


Innate Abilities, Weirdness & Mutations

You are immune to sickness and miasma.
Your stone body is resilient. (AC +10)
You are immune to poison.
Your large and strong wings let you fly.
You resist negative energy. (rN+)
You are resistant to electric shocks. (rElec)
You are resistant to unholy torment.
You are immune to petrification.


Message History

The harpoon shot hits you but does no damage.
The spriggan rider throws a curare-tipped dart.
The curare-tipped dart hits you. You block the spriggan rider's attack.
The goliath frog hits you from afar. The acid corrodes you!
You are splashed with acid!
You block the spriggan rider's attack.
The spriggan rider hits you with a +0 spear!!
The goliath frog hits you!
You are splashed with acid!
* * * LOW HITPOINT WARNING * * *
There is a staircase back to the Lair here.
The spriggan rider hits you but does no damage.
You block the spriggan rider's attack. The goliath frog misses you.
You fly upwards.
Welcome back to the Lair of Beasts!
There is a staircase to the Swamp here.
You whack the goliath frog!
The goliath frog is poisoned.
The goliath frog is moderately wounded.
The spriggan rider hits you but does no damage.
The goliath frog hits you but does no damage.
You whack the goliath frog!
The goliath frog looks as sick as possible!
The goliath frog is heavily wounded.
The spriggan rider hits you but does no damage.
You hit the goliath frog.
The goliath frog looks as sick as possible!
The goliath frog is severely wounded.
The goliath frog hits you but does no damage.
You block the spriggan rider's attack.
The spriggan rider completely misses you.
You whack the goliath frog!
The goliath frog is almost dead.
The goliath frog hits you!
* * * LOW HITPOINT WARNING * * *
The acid corrodes you!
You are splashed with acid!
* * * LOW HITPOINT WARNING * * *
The spriggan rider barely misses you.
You whack the goliath frog!
You kill the goliath frog!
The spriggan rider hits you with a +0 spear!
You die...
Your body crumbles into a pile of gold.

......#..........................
.................................
.................................
............................)....
.##.###......##..###.#...........
###..#.......P#.####§#....#...##.
#....#.........§§§§§##...#.......
.#...#..........i§§.#............
###..#.........i@§§§§#...#......>
##.<...........§§§§§#.>..#.......
###...#........§§§§§§#...#.......
.##.###..........#P.##...#.......
######..........##..##...##....#.
...##.##.........................
.................................
.................................
.................................


You could see 2 spriggan riders.

Vanquished Creatures
  Kirke (Lair:4)
  An orc warlord (Orc:1)
  2 boulder beetles
  2 hydras (D:12)
  A catoblepas (Lair:2)
  2 centaur warriors
  6 two-headed ogres
  2 alligators (Lair:2)
  11 death yaks (Lair:2)
  2 orc high priests (Orc:2)
  Nergalle (D:10)
  Amaemon (D:9)
  A spriggan druid (Lair:2)
  A goliath frog (Lair:2)
  6 orc knights
  3 orc sorcerers (Orc:2)
  4 cyclopes
  An elephant (D:11)
  An ugly thing (D:12)
  A manticore (D:13)
  3 black mambas
  A gargoyle (D:10)
  Maggie (D:8)
  Psyche (D:9)
  8 cane toads
  3 unseen horrors
  A torpor snail (Lair:2)
  An orange demon (D:8)
  8 komodo dragons
  11 trolls
  A tyrant leech (Swamp:1)
  A hornet (Lair:2)
  5 slime creatures
  3 blink frogs (Lair:4)
  2 culicivoras (Lair:3)
  A shadow (D:9)
  2 vampires
  3 spriggans (Lair:2)
  A jumping spider (Lair:3)
  52 yaks
  4 wraiths
  4 wyverns
  4 hogs
  2 basilisks
  6 vampire mosquitoes
  A steam dragon (Lair:2)
  A redback (Lair:3)
  8 wargs
  4 acid dragons
  3 swamp worms (Lair:2)
  Duvessa (D:6)
  7 water moccasins
  A sky beast (D:6)
  23 orc warriors
  2 black bears
  11 ogres
  7 centaurs
  2 phantoms
  3 kobold brigands
  9 bullfrogs
  5 scorpions
  Dowan (D:6)
  10 killer bees (D:9)
  An electric eel (D:12)
  5 howler monkeys
  A crimson imp (D:4)
  10 orc priests
  5 hounds
  5 jellies
  3 gnoll boudas
  Jessica (D:2)
  2 iguanas
  Ijyb (D:5)
  10 orc wizards
  Natasha (thrice) (D:3)
  5 adders
  8 gnolls
  A shadow imp (D:8)
  13 white imps
  A worm (D:2)
  4 dart slugs
  50 orcs
  6 ball pythons
  8 endoplasms
  7 giant cockroaches
  7 goblins
  7 hobgoblins
  4 jackals (D:3)
  13 kobolds
  9 quokkas
  A bat (D:1)
  3 frilled lizards
  A goblin skeleton (D:4)
  2 goblin zombies (D:4)
  A hobgoblin zombie (D:4)
  4 kobold skeletons (D:4)
  2 orc skeletons (D:4)
  3 orc zombies (D:4)
  2 rats
  2 rat zombies (D:9)
489 creatures vanquished.

Vanquished Creatures (others)
  A human (Lair:4)
  26 fungi
  23 plants
  A withered plant (D:3)
51 creatures vanquished.

Grand Total: 540 creatures vanquished

Notes
Turn   | Place    | Note
-------+----------+-------------------------------------------
     0 | D:1      | fishmans the Gargoyle Fighter began the quest for the Orb.
     0 | D:1      | Reached XP level 1. HP: 14/14 MP: 1/1
   266 | D:1      | Reached XP level 2. HP: 19/19 MP: 2/2
   349 | D:1      | Found Botinene's Weapon Shoppe.
   493 | D:1      | Reached skill level 3 in Maces & Flails
   939 | D:2      | Reached XP level 3. HP: 23/23 MP: 3/3
  1515 | D:2      | Reached skill level 4 in Maces & Flails
  1723 | D:2      | Reached XP level 4. HP: 28/28 MP: 4/4
  1857 | D:2      | Noticed Jessica
  1872 | D:2      | Killed Jessica
  2175 | D:3      | Noticed Natasha
  2434 | D:2      | Reached skill level 5 in Maces & Flails
  2440 | D:2      | Reached XP level 5. HP: 28/32 MP: 3/5
  2833 | D:2      | Reached skill level 6 in Maces & Flails
  2999 | D:2      | Reached XP level 6. HP: 31/37 MP: 6/6
  3055 | D:3      | Killed Natasha
  3164 | D:3      | Found Vuec's Distillery.
  3165 | D:3      | Noticed Natasha
  3176 | D:3      | Killed Natasha
  3181 | D:3      | Noticed Natasha
  3191 | D:3      | Killed Natasha
  3396 | D:3      | Found a runed translucent gate.
  3396 | D:3      | Found a runed translucent gate.
  3405 | D:3      | Found a runed translucent gate.
  3534 | D:3      | Noticed lotum's ghost (amateur DsWr)
  3534 | D:3      | Noticed Anandil's ghost (amateur MiSu)
  3535 | D:3      | Noticed ZoeForever1's ghost (amateur GnWr)
  3535 | D:3      | Noticed Ascent's ghost (amateur GnWn)
  3787 | D:4      | Found a shadowy altar of Dithmenos.
  3877 | D:4      | Found Uzxemuha's Assorted Antiques.
  4037 | D:4      | Noticed a black bear
  4155 | D:4      | Killed a black bear
  4156 | D:4      | Reached skill level 7 in Maces & Flails
  4378 | D:4      | Found a shimmering altar of Xom.
  4422 | D:4      | Found a blossoming altar of Fedhas.
  4436 | D:4      | Reached XP level 7. HP: 37/41 MP: 5/7
  4517 | D:4      | Found a glowing golden altar of the Shining One.
  4975 | D:5      | Entered Level 5 of the Dungeon
  5202 | D:5      | Noticed Ijyb
  5210 | D:5      | Killed Ijyb
  5239 | D:5      | Reached skill level 8 in Maces & Flails
  5971 | D:5      | Found a radiant altar of Vehumet.
  5978 | D:5      | Reached skill level 9 in Maces & Flails
  5990 | D:5      | Reached XP level 8. HP: 36/46 MP: 8/8
  6223 | D:5      | Found a sacrificial altar of Ru.
  6590 | D:6      | You fall into a shaft and drop 2 floors!
  6810 | D:8      | Reached skill level 10 in Maces & Flails
  6847 | D:8      | Found a hide-covered altar of Uskayaw.
  6852 | D:8      | Noticed Maggie
  6872 | D:8      | Killed Maggie
  7151 | D:8      | Noticed a wyvern
  7151 | D:8      | Noticed a two-headed ogre
  7163 | D:7      | Found Zin's Purification Station.
  7167 | D:7      | Found a glowing silver altar of Zin.
  7176 | D:7      | Reached skill level 11 in Maces & Flails
  7317 | D:6      | Noticed Dowan
  7323 | D:6      | Noticed Duvessa
  7327 | D:6      | Killed Dowan
  7328 | D:6      | Reached XP level 9. HP: 51/51 MP: 9/9
  7335 | D:6      | Killed Duvessa
  7514 | D:6      | Found a bloodstained altar of Trog.
  7810 | D:6      | Identified the ring "Atogar" {rCorr Str-4 Int+4 SInv}
  7812 | D:6      | Found a staircase to the Ecumenical Temple.
  7834 | Temple   | Entered the Ecumenical Temple
  8191 | D:6      | Reached skill level 12 in Maces & Flails
  8232 | D:6      | Noticed a troll
  8475 | D:6      | Found a white marble altar of Elyvilon.
  8532 | Temple   | Became a worshipper of Gozag Ym Sagoz the Greedy
  8642 | D:6      | Killed a troll
  9649 | D:7      | Reached skill level 13 in Maces & Flails
 10630 | D:8      | Killed a two-headed ogre
 10631 | D:8      | Reached skill level 14 in Maces & Flails
 10631 | D:8      | Reached XP level 10. HP: 13/56 MP: 0/10
 10935 | D:9      | Noticed Amaemon
 10958 | D:9      | Noticed an orange demon
 10971 | D:8      | Killed an orange demon
 11029 | D:9      | Killed Amaemon
 11197 | D:9      | Found a runed translucent gate.
 11197 | D:9      | Found a runed translucent gate.
 11197 | D:9      | Found a runed translucent gate.
 11200 | D:9      | Noticed turdburglar's ghost (journeyman DsGl)
 11200 | D:9      | Noticed a ten-headed hydra
 11224 | D:9      | Found an iron altar of Okawaru.
 11310 | D:9      | Reached skill level 15 in Maces & Flails
 11515 | D:9      | Found a sparkling altar of Nemelex Xobeh.
 11637 | D:9      | Noticed Psyche
 11661 | D:9      | Killed Psyche
 11850 | D:9      | Found an ancient bone altar of Kikubaaqudgha.
 12193 | D:10     | Entered Level 10 of the Dungeon
 12431 | D:10     | Noticed Nergalle
 12431 | D:10     | Noticed a gargoyle
 12537 | D:10     | Noticed a two-headed ogre
 12545 | D:10     | Killed a two-headed ogre
 12546 | D:10     | Reached skill level 16 in Maces & Flails
 12546 | D:10     | Reached XP level 11. HP: 60/60 MP: 8/11
 12610 | D:10     | Found a runed translucent gate.
 12610 | D:10     | Found a runed translucent gate.
 12610 | D:10     | Found a runed translucent gate.
 12665 | D:10     | Noticed retardedninja's ghost (novice HOFi)
 12709 | D:10     | Killed Nergalle
 12994 | D:10     | Reached skill level 17 in Maces & Flails
 13109 | D:10     | Found a runed translucent door.
 13260 | D:10     | Found a hazy altar of Hepliaklqana.
 13690 | D:11     | Noticed a boulder beetle
 13707 | D:11     | Killed a boulder beetle
 13879 | D:11     | Noticed a centaur warrior
 13991 | D:10     | Reached skill level 18 in Maces & Flails
 14228 | D:11     | Found a staircase to the Lair.
 14623 | D:11     | Reached XP level 12. HP: 64/64 MP: 12/12
 14727 | D:11     | Killed a centaur warrior
 15123 | D:11     | Reached skill level 19 in Maces & Flails
 15237 | Lair:1   | Entered Level 1 of the Lair of Beasts
 15339 | Lair:1   | Reached skill level 1 in Dodging
 15375 | Lair:1   | Noticed coldfrog's ghost (journeyman DrFE)
 15408 | Lair:1   | Found a transporter.
 15412 | Lair:1   | Found a transporter.
 16342 | Lair:2   | Noticed a death yak
 16342 | Lair:2   | Noticed a death yak
 16342 | Lair:2   | Noticed a death yak
 16342 | Lair:2   | Noticed a death yak
 16342 | Lair:2   | Noticed a death yak
 16342 | Lair:2   | Noticed a death yak
 16342 | Lair:2   | Noticed a death yak
 16342 | Lair:2   | Noticed a death yak
 16342 | Lair:2   | Noticed a death yak
 16342 | Lair:2   | Noticed a death yak
 16385 | Lair:2   | Killed a death yak
 16386 | Lair:2   | Reached skill level 5 in Armour
 16392 | Lair:2   | Killed a death yak
 16405 | Lair:2   | Killed a death yak
 16470 | Lair:2   | Killed a death yak
 16477 | Lair:2   | Killed a death yak
 16681 | Lair:2   | Killed a death yak
 16692 | Lair:2   | Noticed a death yak
 16697 | Lair:2   | Killed a death yak
 16699 | Lair:2   | Killed a death yak
 16708 | Lair:2   | Killed a death yak
 16709 | Lair:2   | Reached skill level 5 in Dodging
 16721 | Lair:2   | Killed a death yak
 16722 | Lair:2   | Reached XP level 13. HP: 33/68 MP: 3/13
 17611 | Lair:2   | Found a staircase to the Swamp.
 18120 | Lair:2   | Reached skill level 5 in Shields
 19194 | Lair:3   | Found a hole to the Spider Nest.
 20637 | Lair:4   | Found a staircase to the Slime Pits.
 20637 | Lair:4   | Found a viscous altar of Jiyva.
 20777 | Lair:4   | Noticed Kirke
 20986 | Lair:4   | Killed Kirke
 21011 | Lair:4   | Reached skill level 10 in Armour
 21929 | D:12     | Gained mutation: Your large and strong wings let you fly.
                  | [Gargoyle growth]
 21929 | D:12     | Reached XP level 14. HP: 63/74 MP: 11/14
 23067 | D:12     | Found a staircase to the Orcish Mines.
 23668 | D:13     | Noticed Frances
 24048 | D:13     | Reached skill level 1 in Ranged Weapons
 24051 | D:13     | Noticed a fire giant
 24237 | Orc:1    | Entered Level 1 of the Orcish Mines
 25420 | Orc:2    | Entered Level 2 of the Orcish Mines
 25420 | Orc:2    | Found Dawynk's General Store.
 25943 | Orc:2    | Bought a potion of heal wounds for 70 gold pieces
 25943 | Orc:2    | Bought a scroll of teleportation for 42 gold pieces
 26145 | Orc:2    | Noticed an orc warlord
 26683 | Orc:1    | Killed an orc warlord
 27872 | Orc:2    | Found a staircase to the Elven Halls.
 27996 | Orc:2    | Found Ownym's Jewellery Boutique.
 28014 | Orc:2    | Found Edeyseiq's Antique Armour Emporium.
 28271 | Orc:2    | Found a runed translucent door.
 28278 | Orc:2    | Noticed Hiippo's ghost (journeyman HOFi)
 28479 | Orc:2    | Found Heniudeu's Antique Weapon Boutique.
 28762 | Orc:1    | Reached skill level 5 in Ranged Weapons
 29450 | Swamp:1  | Entered Level 1 of the Swamp
 30590 | Lair:2   | HP: 3/74 [acid[a spriggan druid] (7)]
 30591 | Lair:2   | Slain by a spriggan rider

Illustrated notes

Levels and vault maps discovered:
D:1:      giann_bridges, layout_basic, serial_shops, nicolae_shop_stone
D:2:      minmay_skewed_foursquare, layout_rooms, kennysheep_jessica_study
D:3:      layout_rooms, serial_shops, shop, gammafunk_ghost_cemetery,
          uniq_natasha
D:4:      layout_loops_cross, grunt_dithmenos_smoke_and_mirrors,
          mainiacjoe_overflow_catch_the_wave, nicolae_tso_besieged_by_evil,
          serial_shops, shop
D:5:      layout_basic, mainiacjoe_overflow_two_lobes, kennysheep_pointless_box,
          hangedman_decor_riveting, uniq_ijyb
D:6:      minmay_chambers_of_fours, layout_gridville, amcnicky_altar_gilded,
          nicolae_elyvilon_temple_path, minmay_temple_entry_stoned_glass,
          enter_ossuary_2, amcnicky_mini_rare_corridor_liquid, uniq_duvessa
D:7:      layout_basic, zin_purify, grunt_ministairs_13
D:8:      layout_rooms, nicolae_uskayaw_dance_hall, corner_web_ring, uniq_maggie
D:9:      layout_loops_ring, nemelex_spade_bored_becter,
          nicolae_overflow_hidden_temple, lemuel_zombie_altar_kikubaaqudgha,
          gammafunk_ghost_hydra_chop, small_statue_intersection, uniq_psyche,
          uniq_amaemon
D:10:     layout_rooms, lemuel_crystal_altar, gammafunk_ghost_icy,
          grunt_decor_junction, minmay_st_funbox, uniq_nergalle
D:11:     layout_rooms, david_lair_generic
D:12:     layout_stronghold, erik_orc_3, serial_column_ruins, column_ruins_hut,
          column_ruins_hut, column_ruins_open_small, column_ruins_grid_1,
          column_ruins_open_tiny, column_ruins_open_large,
          column_ruins_open_medium, kennysheep_generic_room_2
D:13:     minmay_chopped_fan, layout_loops_ring, uniq_frances
Temple:   nicolae_temple_superstar
Lair:1:   layout_regular_city, nzn_ghost_randoct, minmay_lair_oklob_items,
          dreamdust_deal_with_the_devil, dreamdust_gnoll_shepherd,
          grunt_megastairs_1
Lair:2:   layout_regular_city, swamp_mist, lemuel_fruit_fields
Lair:3:   layout_layer_cave, spider_nest_entry_funnel_web
Lair:4:   layout_misc_corridors, minmay_slime_entry_pillars, uniq_kirke
Swamp:1:  layout_basic_swamp, infiniplex_staircase_pool
Orc:1:    layout_diamond_mine, basic_altar
Orc:2:    grunt_orc_gardens, layout_caves, grunt_orc_garden, grunt_orc_garden,
          grunt_orc_garden, grunt_orc_garden, ebering_ghost_inner_flame,
          portal_ice_cave_entry_imps, nicolae_orc_lost_temple

Skill      XL: |  1  2  3  4  5  6  7  8  9 10 11 12 13 14 |
---------------+-------------------------------------------+-----
Maces & Flails | 3 4 5 6 7 9 11 14 16 18 19 | 19.0
Dodging        | 5 7 8 |  8.7
Armour         | 7 10 11 | 11.9
Shields        | 7 9 |  9.2
Ranged Weapons | 5 |  5.7
Fighting       | |  3.2

Action                   |  1- 3 |  4- 6 |  7- 9 | 10-12 | 13-15 || total
-------------------------+-------+-------+-------+-------+-------++-------
Melee: Flail             |   128 |   188 |   312 |   298 |       ||   926
       Demon whip        |       |       |       |   320 |  1134 ||  1454
       Unarmed           |       |       |       |       |     7 ||     7
Throw: Dart              |       |       |     4 |    11 |    25 ||    40
Invok: Potion Petition   |       |       |       |     2 |    12 ||    14
  Use: Scroll            |     5 |     4 |     8 |     4 |     8 ||    29
       Potion            |       |     2 |     4 |     3 |     3 ||    12
 Stab: Invisible         |       |       |       |     9 |     6 ||    15
       Distracted        |       |       |       |     1 |     3 ||     4
Armor: Scale mail        |    75 |   105 |    53 |       |       ||   233
       Chain mail        |       |       |   100 |   303 |       ||   403
       Plate armour      |       |       |       |    91 |   548 ||   639
Dodge: Dodged            |    68 |   110 |   111 |   129 |   301 ||   719
Block: Buckler           |    14 |    49 |    50 |    66 |   176 ||   355
